 Dungeon Crawl Stone Soup version 0.30.1-3-gfc49f6343a (webtiles) character file.

Game seed: 4636431102503249742

130 Zeor the Cudgeller (level 5, 0/33 HPs)
             Began as a Gargoyle Monk on July 23, 2023.
             Killed by divine providence
             ... invoked by an orc priest
              (9 damage)
             ... on level 3 of the Dungeon.
             The game lasted 00:05:17 (1899 turns).

Zeor the Cudgeller (Gargoyle Monk)                  Turns: 1899, Time: 00:05:18

Health: 0/33       AC: 11    Str: 17    XL:     5   Next: 14%
Magic:  5/5        EV: 10    Int: 10    God:
Gold:   292        SH:  0    Dex: 12    Spells: 4/4 levels left

rFire   . . .        a - +0 mace
rCold   . . .        d - orb {light}
rNeg    + . .        i - +0 scale mail
rPois   ∞            (no helmet)
rElec   +            (no cloak)
rCorr   .            (no gloves)
SInv    .            g - +0 pair of boots
Will    .....        (no amulet) Stlth
                     (no ring)
HPRegen 0.25/turn    (no ring)
MPRegen 0.09/turn

%: no passive effects
@: glowing
A: sickness immunity, AC +4, negative energy resistance 1, electricity
resistance, torment resistance 1, petrification resistance
a: no special abilities


You were on level 3 of the Dungeon.
You visited 1 branch of the dungeon, and saw 3 of its levels.

You collected 292 gold pieces.

Inventory:

Hand Weapons
 a - a +0 mace (weapon)
Missiles
 b - 6 poisoned darts (quivered)
Armour
 d - an orb of light (worn)
 g - a +0 pair of boots (worn)
 i - a +0 scale mail (worn)
Scrolls
 e - 2 scrolls of identify
 f - 2 scrolls of enchant weapon
Potions
 c - a potion of ambrosia


   Skills:
 + Level 3.6 Fighting
 + Level 4.3 Maces & Flails
 * Level 2.2 Armour
 + Level 2.9 Dodging
 + Level 1.0 Stealth


You had 4 spell levels left.
You didn't know any spells.
Your spell library was empty.

Dungeon Overview and Level Annotations

Branches:
Dungeon (3/15)

Altars:


Innate Abilities, Weirdness & Mutations

You are immune to sickness and miasma.
Your stone body is resilient. (AC +4)
You are immune to poison.
You resist negative energy. (rN+)
You are resistant to electric shocks. (rElec)
You are resistant to unholy torment.
You are immune to petrification.


Message History

The orc priest invokes the aid of Beogh against you.
Beogh smites you!
* * * LOW HITPOINT WARNING * * *
You hit the orc.
You kill the orc!
You feel much better.
The orc hits you with a +3 mace of protection.
You hit the orc.
The orc is moderately wounded.
The orc closely misses you.
The orc priest casts a cantrip, but nothing happens.
You hit the orc.
The orc is heavily wounded.
The orc hits you but does no damage.
You hit the orc but do no damage.
The orc is heavily wounded.
The orc hits you with a +3 mace of protection.
You hit the orc.
You kill the orc!
You barely miss the frilled lizard. The frilled lizard misses you.
The frilled lizard bites you but does no damage.
You thump the frilled lizard!
You kill the frilled lizard!
You completely miss the orc. The orc closely misses you.
You barely miss the orc. The orc hits you but does no damage.
You hit the orc but do no damage. The orc hits you with a +3 war axe.
You hit the orc but do no damage. The orc hits you with a +3 war axe.
You barely miss the orc. The orc closely misses you. The orc barely misses you.
The orc priest mumbles some strange prayers to Beogh against you.
Beogh smites you!
You hit the orc but do no damage. The orc hits you with a +3 war axe.
* * * LOW HITPOINT WARNING * * *
You hit the orc.
The orc is almost dead.
The orc closely misses you.
You hit the orc.
You kill the orc!
The orc priest calls down the wrath of Beogh upon you.
Beogh smites you!
You die...

∙∙▒ ▒∙▒
▒∙▒ ▒∙▒
▒∙▒ ▒∙▒
▒∙▒ ▒9▒
▒)▒▒▒▒∙▒
▒ow∙∙∙∙▒
▒∙∙▒▒▒▒▒
▒∙∙▒


∙∙∙)∙ ▒▒∙∙▒▒▒ ▒∙∙∙ ▒∙▒▒▒ You could see a worm and an orc priest.

Vanquished Creatures
  2 orc priests (D:2)
  2 adders (D:2)
  2 worms (D:2)
  A dart slug (D:2)
  4 orcs
  3 ball pythons
  2 endoplasms (D:2)
  5 giant cockroaches
  4 hobgoblins
  A kobold (D:2)
  5 bats
  4 frilled lizards
  5 goblins
  5 rats
45 creatures vanquished.

Notes
Turn   | Place    | Note
-------+----------+-------------------------------------------
     0 | D:1      | Zeor the Gargoyle Monk began the quest for the Orb.
     0 | D:1      | Reached XP level 1. HP: 14/14 MP: 1/1
   349 | D:1      | Found a faded altar of an unknown god.
   407 | D:1      | Reached XP level 2. HP: 19/19 MP: 2/2
   818 | D:2      | Reached skill level 1 in Armour
   818 | D:2      | Reached XP level 3. HP: 20/23 MP: 3/3
  1313 | D:2      | Reached XP level 4. HP: 28/28 MP: 4/4
  1518 | D:2      | Reached skill level 4 in Maces & Flails
  1519 | D:2      | HP: 1/28 [orc priest/divine providence (16)]
  1522 | D:2      | Reached skill level 1 in Stealth
  1522 | D:2      | Reached XP level 5. HP: 2/33 MP: 5/5
  1899 | D:3      | Killed from afar by an orc priest

Illustrated notes

Levels and vault maps discovered:
D:1:      heliophobic_arrival_enchanted_forest, layout_loops_ring,
          dreamdust_ecumenical_altar_statues, minmay_gold_behind_fungi,
          minmay_crystal_room
D:2:      layout_loops_cross, serial_forest, infiniplex_forest_corner_1,
          infiniplex_forest_fountain, infiniplex_forest_clump_medium,
          infiniplex_forest_end_1, infiniplex_forest_end_2
D:3:      layout_loops_ring, hellmonk_ghost_happy_afterlife

Skill      XL: |  1  2  3  4 |
---------------+-------------+-----
Armour         | 1 2 |  2.2
Maces & Flails | 4 |  4.3
Stealth        | 1 |  1.0
Fighting       | |  3.6
Dodging        | |  2.9

Action                     |  1- 3 |  4- 6 || total
---------------------------+-------+-------++-------
  Melee: Mace              |   105 |    42 ||   147
    Use: Scroll            |     3 |     1 ||     4
         Potion            |       |     1 ||     1
 Armour: Robe              |     5 |       ||     5
         Ring mail         |    48 |     3 ||    51
         Scale mail        |       |    12 ||    12
  Dodge: Dodged            |    65 |    20 ||    85
